Map: Prion Terraces

Players

Typhux - Winner!

  • Race: Zerg Zerg
  • League: Diamond

Alenvil

  • Race: Zerg Zerg
  • League: Platinum

Event: Gauntlet LotV Series 1 Qualifier 2

VOD

Have the link to the VOD?

Description

Time

  • Played on: Dec. 5, 2015, 1:23 p.m.
  • Length: 3:21

All games in this series

Show
View Real Time Build Order
Export as new Build Order

Typhux Zerg - Winner!

Build Orders: Pool Only 

Get SALT Encoding   

  12  0:01  Drone  
  13  0:23  Spawning Pool  
  13  0:25  Extractor  
  13  0:27  Drone  
  12  0:32  Drone  
  13  0:43  Drone  
  13  0:46  Drone, Extractor  
  15  0:52  Overlord  
  15  1:15  Zergling x4  
  15  1:16  Queen  
  19  1:22  Zergling x2  
  20  1:29  Metabolic Boost  
  20  1:33  Zergling x2  
  21  1:45  Zergling x2  
  22  1:59  Baneling Nest  
  22  2:01  Zergling x2  
  22  2:05  Overlord  
  21  2:25  Zergling x8  
  25  2:40  Zergling x4  
  25  2:43  Baneling x4  
  27  2:59  Zergling x4  
Show
View Real Time Build Order
Export as new Build Order

Alenvil Zerg 

Build Orders: Pool First 

Get SALT Encoding   

  12  0:01  Drone  
  13  0:13  Overlord  
  13  0:19  Drone  
  14  0:28  Drone, Extractor  
  14  0:33  Drone  
  16  0:40  Drone  
  17  0:43  Extractor  
  16  0:52  Drone  
  16  0:53  Spawning Pool  
  16  1:14  Drone  
  17  1:40  Zergling x6  
  17  1:41  Queen  
  17  1:44  Baneling Nest  
  21  1:54  Hatchery  
  21  1:55  Drone  
  20  2:10  Zergling x2  
  21  2:26  Overlord  
  21  2:42  Overlord  
  21  2:45  Zergling x4  
  23  2:57  Zergling x2  
  23  2:58  Zergling x4  
Tags
 
Add a new tag
Caveats
  • Supply blocks, unpowered buildings, or Contaminate may cause inaccurate times.
  • Supply counts are checked every 10 seconds.